 Dungeon Crawl Stone Soup version 0.27.0-65-ge2af304b15 (webtiles) character file.

Game seed: 4638100889643197533

85 bobkasz the Cudgeller (level 4, -18/40 HPs)
             Began as a Draconian Berserker on Aug 18, 2021.
             Was a Believer of Trog.
             Demolished by an ogre (29 damage)
             ... on level 3 of the Dungeon.
             The game lasted 00:13:25 (2699 turns).

bobkasz the Cudgeller (Draconian Berserker)         Turns: 2699, Time: 00:13:26

Health: -18/40     AC:  7    Str: 20    XL:     4   Next: 25%
Magic:  4/4        EV: 12    Int:  8    God:    Trog [**....]
Gold:   87         SH:  0    Dex: 10    Spells: 3/3 levels left

rFire    . . .     SeeInvis .   a - +0 mace
rCold    . . .     Faith    .   (no shield)
rNeg     . . .     Spirit   .   (armour unavailable)
rPois    .         Reflect  .   (helmet restricted)
rElec    .         Harm     .   (no cloak)
rCorr    .         Rampage  .   y - +1 pair of gloves {Stlth+}
Will     .....                  (no boots)
Stlth    ++........             (no amulet)
HPRegen  0.13/turn              (no ring)
MPRegen  0.09/turn              (no ring)

@: no status effects
A: AC +5, unfitting armour, cold-blooded
a: Renounce Religion, Berserk, Trog's Hand


You were on level 3 of the Dungeon.
You worshipped Trog.
Trog was pleased with you.
You visited 1 branch of the dungeon, and saw 3 of its levels.

You collected 87 gold pieces.

Inventory:

Hand Weapons
 a - a +0 mace (weapon)
 d - a +0 spear
 e - a +0 spear
 f - a +0 club
 j - a +0 club
 k - a +0 club
 l - a +0 dagger
 m - a +0 hand axe
 n - a +0 hand axe
 r - a +0 club
 t - a +0 dagger
 u - a +0 spear
 v - a +0 hand axe
 x - a +0 hand axe
Missiles
 g - 4 stones (quivered)
 o - 20 arrows
Armour
 c - a +0 robe
 q - a +0 chain mail
 w - a +0 ring mail
 y - a +1 pair of gloves of stealth (worn)
Scrolls
 b - a scroll of immolation {unknown}
 h - 2 scrolls of teleportation {unknown}
 s - 3 scrolls of identify {unknown}
 z - a scroll of magic mapping {unknown}
Potions
 i - a potion of heal wounds {unknown}
 p - 4 potions of curing {unknown}


   Skills:
 + Level 3.8 Fighting
 + Level 4.2 Maces & Flails
 + Level 3.3 Dodging
 + Level 0.4 Stealth


You had 3 spell levels left.
You didn't know any spells.
Your spell library was empty.

Dungeon Overview and Level Annotations

Branches:
Dungeon (3/15)

Altars:

Shops:
D:2 (


Innate Abilities, Weirdness & Mutations

Your plain brown scales are hard. (AC +5)
You cannot fit into any form of body armour.
You are cold-blooded and may be slowed by cold attacks.


Message History

You closely miss the bat. The bat closely misses you.
The bat completely misses you. The bat barely misses you.
The bat hits you but does no damage.
You see here a scroll labelled WAKLYE NUSEISCH.
The bat misses you. The bat closely misses you. The bat barely misses you.
You see here a scroll labelled WAKLYE NUSEISCH.
You hit the bat.
You kill the bat!
Trog accepts your kill.
z - a scroll labelled WAKLYE NUSEISCH
There is an escape hatch in the floor here.
A ball python comes into view.
Found a stone staircase leading up.
The ball python hisses angrily.
The ball python bites you but does no damage.
The ball python grabs you. The ball python constricts you.
The ball python barely misses you. The ball python constricts you.
You closely miss the ball python. The ball python misses you.
The ball python constricts you.
You barely miss the ball python. The ball python closely misses you.
The ball python constricts you. The ball python barely misses you.
The ball python constricts you.
You completely miss the ball python.
The ball python bites you but does no damage.
The ball python constricts you.
You sock the ball python!
You kill the ball python!
Trog accepts your kill.
You see here a ball python corpse.
s - 3 scrolls labelled QARHIU BI TEFIFF (gained 1)
An ogre comes into view. It is wielding a +0 giant club.
The ogre shouts!
The ogre hits you with a +0 giant club!!
Ouch! That really hurt!
* * * LOW HITPOINT WARNING * * *
You barely miss the ogre.
The ogre hits you with a +0 giant club!!
Ouch! That really hurt!
You die...

#.##.####..#.....#
#.##.#<....#.#.#.'
#.##.#####.#######
#.#.............##
########.#############..#
#............### ###..#
#................ ..#...
#............#### #.#.#.
#.......@O...# #.#.#.
#............# ##.#.#.
#............# #....#.
#............# #..>.#.
############## #....#.
#....#. #....#. #....#.
#....#.


You could see an ogre.

Vanquished Creatures
  2 adders
  A dart slug (D:2)
  2 orcs (D:3)
  4 ball pythons
  5 bats
  7 endoplasms
  2 giant cockroaches
  3 goblins
  5 hobgoblins
  9 jackals
  4 quokkas
  3 frilled lizards
  2 kobolds
  7 rats
56 creatures vanquished.

Notes
Turn   | Place    | Note
-------+----------+-------------------------------------------
     0 | D:1      | bobkasz the Draconian Berserker began the quest for the
                  | Orb.
     0 | D:1      | Reached XP level 1. HP: 19/19 MP: 1/1
   485 | D:1      | Reached XP level 2. HP: 26/26 MP: 2/2
   583 | D:1      | Found a faded altar of an unknown god.
  1391 | D:1      | Reached XP level 3. HP: 24/31 MP: 3/3
  1812 | D:2      | Reached skill level 4 in Maces & Flails
  1824 | D:2      | Reached ** piety under Trog
  2099 | D:2      | Found Giosheamn's Weapon Boutique.
  2281 | D:3      | Reached XP level 4. HP: 37/40 MP: 4/4
  2695 | D:3      | Noticed an ogre
  2699 | D:3      | Demolished by an ogre

Illustrated notes

Levels and vault maps discovered:
D:1:      dpeg_arrival_simpleton_c, layout_basic,
          dreamdust_ecumenical_altar_angels_and_demons,
          minmay_misc_feat_diagonals
D:2:      layout_basic, serial_shops, shop
D:3:      minmay_wonky_spiral, layout_basic

Skill      XL: |  1  2  3 |
---------------+----------+-----
Dodging        | 3 |  3.3
Maces & Flails | 4 |  4.2
Fighting       | |  3.8
Stealth        | |  0.4

Action                   |  1- 3 |  4- 6 || total
-------------------------+-------+-------++-------
Melee: Mace              |   138 |    25 ||   163
       Tailslap          |    15 |     1 ||    16
 Stab: Sleeping          |       |     1 ||     1
Armor: Skin              |    56 |    10 ||    66
Dodge: Dodged            |    95 |    25 ||   120
